AoeStats
← Corsican Pirate

Arena

507987946Analyzed
4v4 RM · 12d ago on Sep 20, 2026· 34m 51s· 8 players
Game mode
Random Map
Map size
Large (8 player)
Population
200
Speed
Normal
Resources
Standard
Victory
Conquest
Starting age
Dark Age
Ending age
Imperial Age
RankedLock teamsTeams togetherTeam positionsShared explorationLock speedFull tech treeHidden civsTurbo modeCheats
Victory
Defeat
🇮🇳 Cumans · India
1282
+16
🇬🇧 Romans · United Kingdom
1228
+18
🇮🇳 Malians · India
1201
+19
🇮🇳 Khmer · India
1195
+19
🇲🇽 Bengalis · Mexico
1292
-19
🇧🇦 Khmer · Bosnia & Herzegovina
1275
-18
🇲🇽 Lithuanians · Mexico
1274
-18
🇲🇽 Aztecs · Mexico
1251
-17
Glamdring
1:19 Loom
1:44 Loom
3:53 Loom
11:49 Feudal Age
15:47 Castle Age
13:56 Double-Bit Axe
14:16 Horse Collar
21:08 Scale Barding Armor
24:40 Chain Barding Armor
25:00 Bloodlines
26:44 Forging
Corsican Pirate
11:31 Feudal Age
10:25 Loom
16:13 Castle Age
15:13 Double-Bit Axe
16:44 Man-at-Arms
18:24 Long Swordsman
28:20 Town Watch
Gúthwinë
6:56 Loom
9:15 Feudal Age
10:33 Double-Bit Axe
10:30 Horse Collar
18:06 Castle Age
19:20 Bow Saw
19:05 Gold Mining
20:40 Redemption
21:31 Fervor
21:43 Sanctity
offbyone
10:25 Feudal Age
15:12 Castle Age
13:13 Double-Bit Axe
13:45 Horse Collar
16:03 Bow Saw
17:21 Heavy Plow
22:28 Gold Mining
25:09 Gold Shaft Mining
30:07 Imperial Age
29:31 Wheelbarrow
30:47 Ballistics
31:54 Chemistry
31:46 Heavy Scorpion
Mikey
10:34 Feudal Age
12:15 Loom
15:06 Castle Age
13:39 Horse Collar
21:20 Forging
23:29 Scale Mail Armor
32:30 Double-Bit Axe
Lilbalayya
10:02 Feudal Age
15:34 Castle Age
14:09 Gold Mining
14:05 Double-Bit Axe
15:58 Bloodlines
18:38 Husbandry
20:16 Forging
20:11 Scale Barding Armor
20:16 Forging
21:10 Scale Barding Armor
22:24 Bow Saw
28:48 Horse Collar
30:32 Heavy Plow
32:14 Wheelbarrow
33:28 Hand Cart
34:24 Iron Casting
34:09 Chain Barding Armor
35:06 Padded Archer Armor
37:38 Imperial Age
Soul Ledger
9:59 Feudal Age
9:33 Loom
10:58 Double-Bit Axe
14:10 Castle Age
26:38 Horse Collar
27:11 Bow Saw
28:54 Heavy Plow
30:31 Wheelbarrow
33:18 Imperial Age
31:15 Fortified Wall
31:26 Ballistics
31:59 Ballistas
31:59 Gold Mining
33:26 Heavy Scorpion
34:15 Siege Engineers
35:11 Chemistry
34:22 Masonry
34:32 Capped Ram
Sandeep_D_Cranky
9:41 Feudal Age
10:40 Double-Bit Axe
10:37 Horse Collar
20:03 Castle Age
19:24 Wheelbarrow
21:15 Bow Saw
21:05 Heavy Plow
22:18 Hand Cart
28:27 Capped Ram
32:43 Scale Barding Armor
32:49 Forging
33:23 Gold Mining
Connection lost

Rejoining the realm…

Still unreachable

The connection could not be restored.

Session expired

The server has moved on; the page needs a fresh start.